 Dungeon Crawl Stone Soup version 0.23-a0-171-g5ae17c6 (webtiles) character file.

107486 Firecrotchwizard the Bludgeoner (level 16, -27/135 HPs)
             Began as a Minotaur Gladiator on Sept 13, 2018.
             Was the Champion of Hepliaklqana.
             Killed by the raging water
             ... invoked by a water nymph
              (42 damage)
             ... on level 3 of the Shoals.
             The game lasted 01:12:58 (23815 turns).

Firecrotchwizard the Bludgeoner (MiGl)             Turns: 23815, Time: 01:12:58

Health: -27/135    AC: 19    Str: 18    XL:     16   Next: 0%
Magic:  19/19      EV: 20    Int:  5    God:    Hepliaklqana [******]
Gold:   1667       SH:  0    Dex: 20    Spells: 15/15 levels left

rFire    . . .     SeeInvis .   T - +5 great mace (flame)
rCold    . . .     Gourm    .   (shield currently unavailable)
rNeg     . . .     Faith    .   u - +0 chain mail {rPois}
rPois    +         Spirit   .   c - +2 hat
rElec    .         Reflect  .   t - +2 cloak
rCorr    .         Harm     .   (no gloves)
MR       ++...                  (no boots)
Stlth    ..........             S - amulet of regeneration {@e1+regen, !d}
HPRegen  0.72/turn              Z - ring of protection from magic {MR+, !d}
MPRegen  0.16/turn              C - +2 ring of evasion

@: studying Dodging, very slow
A: retaliatory headbutt, reduced essence, horns 2
a: Recall Ancestor, Ancestor Identity, Transference, Idealise, Renounce Religion


You were on level 3 of the Shoals.
You worshipped Hepliaklqana.
Hepliaklqana was exalted by your worship.
You were not hungry.

You visited 3 branches of the dungeon, and saw 24 of its levels.
You also visited: Labyrinth and Ice Cave.

You collected 2107 gold pieces.
You spent 440 gold pieces at shops.

Inventory:

Hand Weapons
 T - a +5 great mace of flaming (weapon)
   (You took it off Urug on level 1 of the Lair of Beasts)
 U - the +8 whip "Snakebite" {curare, rPois}
   (You found it on level 3 of the Lair of Beasts)

   It poisons the flesh of those it strikes.
   It protects you from poison.
Missiles
 d - 4 throwing nets {=f, !d}
 x - a curare-tipped needle
Armour
 c - a +2 hat (worn)
 t - a +2 cloak (worn)
   (You found it on level 13 of the Dungeon)
 u - a +0 chain mail of poison resistance (worn)
   (You took it off Terence on level 2 of the Dungeon)
 W - a +2 buckler of protection
   (You found it on level 4 of the Lair of Beasts)
Jewellery
 a - the ring of Awnip {+Fly rElec MR- Int+3 SInv}
   (You acquired it on level 2 of the Shoals)

   [ring of flight]

   It affects your intelligence (+3).
   It insulates you from electricity.
   It affects your resistance to hostile enchantments.
   It lets you see invisible.
   It lets you fly.
 C - a +2 ring of evasion (right hand)
   (You bought it in a shop on level 4 of the Dungeon)
 E - an uncursed ring of protection from cold {rC+, !d}
   (You found it in an ice cave)
 F - an uncursed ring of fire {rF+, rC-}
   (You acquired it on level 2 of the Shoals)
 S - an amulet of regeneration (around neck) {@e1+regen, !d}
   (You bought it in a shop on level 4 of the Dungeon)
 Z - a ring of protection from magic (left hand) {MR+, !d}
   (You found it on level 4 of the Lair of Beasts)
Wands
 j - a wand of paralysis (12)
   (You found it on level 1 of the Shoals)
 p - a wand of iceblast (19)
   (You found it on level 12 of the Dungeon)
 q - a wand of flame (29)
   (You found it on level 3 of the Shoals)
 G - a wand of scattershot (10)
   (You found it on level 6 of the Dungeon)
 I - a wand of clouds (7)
   (You found it on level 6 of the Dungeon)
Scrolls
 e - 17 scrolls of remove curse
 h - 7 scrolls of amnesia
 i - 3 scrolls of blinking {!r}
 m - 9 scrolls of identify
 r - 5 scrolls of magic mapping {!r}
 y - 5 scrolls of fear
 D - 11 scrolls of teleportation
 H - 2 scrolls of fog
 O - 8 scrolls of immolation {!r}
Potions
 b - 2 potions of degeneration {unknown}
 g - 3 potions of might
 k - 5 potions of lignification {!q}
 n - 8 potions of brilliance
 o - a potion of ambrosia {unknown}
 s - 9 potions of curing
 w - 3 potions of invisibility
 A - 3 potions of magic
 B - 2 potions of berserk rage {unknown}
 L - 5 potions of flight
 M - 3 potions of cancellation
 N - 3 potions of haste
 P - a potion of agility
 V - 2 potions of resistance {unknown}
Books
 v - a manual of Dodging {!d}
   (You found it on level 4 of the Lair of Beasts)
Miscellaneous
 l - a phial of floods
   (You found it on level 5 of the Lair of Beasts)
 J - a lightning rod (4/4)
   (You found it on level 6 of the Dungeon)
 Y - a box of beasts
Comestibles
 f - 42 rations {@e1}
 z - 13 chunks of flesh {@w0}


   Skills:
 + Level 16.2 Fighting
 * Level 18.3 Maces & Flails
 - Level 2.0 Throwing
 + Level 15.3 Armour
 + Level 15.9 Dodging
 - Level 4.0 Shields
 - Level 5.4 Invocations


You had 15 spell levels left.
You didn't know any spells.
Your spell library contained the following spells:

 Spells                   Type           Power        Failure   Level  Hunger
 Confusing Touch          Hex            #.....       97%         1    ##.....
 Flame Tongue             Conj/Fire      #....        97%         1    ##.....
 Sandblast                Erth           #.....       97%         1    ##.....
 Passwall                 Tmut/Erth      #.......     99%         2    ###....
 Throw Flame              Conj/Fire      #.....       99%         2    ###....
 Confuse                  Hex            #.......     100%        3    ####...
 Conjure Flame            Conj/Fire      #.......     100%        3    ####...
 Gell's Gravitas          Tloc           #.........   100%        3    ####...
 Inner Flame              Hex/Fire       #.......     100%        3    ####...
 Static Discharge         Conj/Air       #.......     100%        3    ####...
 Stone Arrow              Conj/Erth      #.....       100%        3    ####...
 Cause Fear               Hex            #.........   100%        4    #####..
 Petrify                  Tmut/Erth      #.......     100%        4    #####..
 Sticky Flame             Conj/Fire      #.......     100%        4    #####..
 Fireball                 Conj/Fire      #.........   100%        5    ######.
 Lee's Rapid Deconstruct  Erth           #.........   100%        5    ######.
 Lightning Bolt           Conj/Air       #.........   100%        5    ######.
 Metabolic Englaciation   Hex/Ice        #.........   100%        5    ######.
 Silence                  Hex/Air        #.........   100%        5    ######.
 Yara's Violent Unravell  Hex/Tmut       #.........   100%        5    ######.
 Deflect Missiles         Chrm/Air       #.........   100%        6    #######
 Discord                  Hex            #.........   100%        8    #######
 Ignition                 Fire           #.........   100%        8    #######
 Shatter                  Erth           #.........   100%        9    #######
 Tornado                  Air            #.........   100%        9    #######


Dungeon Overview and Level Annotations

Branches:
Dungeon (15/15)            Temple (0/1) D:6            Lair (6/6) D:11
 Shoals (3/4) Lair:2        Snake (0/4) Lair:3        Slime (0/5) Lair:6
    Orc (0/2) D:10         Vaults (0/5) D:14         Depths (0/5) D:15

Altars:
Ashenzari
Cheibriados
Dithmenos
Fedhas
Gozag
Hepliaklqana
Makhleb
Qazlal
Sif Muna
Uskayaw
Vehumet
Xom
Zin
Beogh

Shops:
D:4 =   D:10 *

Annotations:
Lair:6 3 runed doors, exclusion: 2 oklob plants, barkas's ghost, journeyman DsWn
Abyss:1 Maurice


Innate Abilities, Weirdness & Mutations

You reflexively headbutt those who attack you in melee.
You have a pair of horns on your head.
Your life essence is reduced to manifest your ancestor. (-10% HP)


Message History

The merfolk closely misses Tochtli.
The dream sheep shake their wool and sparkle.
You feel drowsy...
You fall asleep.
You feel sick.
Tochtli hits the merfolk with a quarterstaff!!
The merfolk dies!
The merfolk aquamancer completely misses you.
The dream sheep barely misses Tochtli.
The dream sheep closely misses you.
The water nymph gestures at you while chanting.
The water swirls and strikes you!
You wake up.
The dream sheep closely misses Tochtli.
Tochtli hits the merfolk aquamancer with a quarterstaff.
The merfolk aquamancer gestures at you while chanting.
The shard of ice hits you!
* * * LOW HITPOINT WARNING * * *
The dream sheep bites you but does no damage.
You take 44 damage, and have 33/129 hp.
MASSIVE DAMAGE!!
You bludgeon the merfolk aquamancer!! You burn the merfolk aquamancer.
You kill the merfolk aquamancer!
You hear a splash. x2
You feel sick.
The water nymph points at you and mumbles some strange words.
The water swirls and strikes you!
* * * LOW HITPOINT WARNING * * *
The dream sheep bites Tochtli.
The dream sheep completely misses Tochtli.
Tochtli gestures at the dream sheep while chanting.
The bolt of magma hits the dream sheep.
The dream sheep dies!
You have reached level 16!
You feel agile.
Tochtli remembers more of his old skill.
The dream sheep bites you!
* * * LOW HITPOINT WARNING * * *
You take 27 damage, and have 6/135 hp.
MP restored: 19 You feel better.
The water nymph barely misses you. You furiously retaliate!
You headbutt the water nymph, but do no damage.
The dream sheep bites Tochtli.
Tochtli casts a spell at the dream sheep.
The bolt of magma hits the dream sheep.
The dream sheep closely misses you. The merfolk impaler barely misses you.
A merfolk comes into view. It is wielding a trident.
You regained 7 hp, and now have 13/135 hp.
Splash!
You fall into the shallow water.
Moving in this stuff is going to be slow.
The dream sheep bites Tochtli.
The merfolk impaler hits you but does no damage.
You are electrocuted!
* * * LOW HITPOINT WARNING * * *
Tochtli gestures at the dream sheep while chanting.
The bolt of magma hits the dream sheep.
The dream sheep dies!
You take 9 damage, and have 4/135 hp.
The merfolk impaler hits Tochtli with a demon trident of electrocution!
Lightning courses through Tochtli!
Tochtli casts a spell at the dream sheep.
The stone arrow misses the dream sheep.
The merfolk impaler hits Tochtli with a demon trident of electrocution!!
Lightning courses through Tochtli!
Tochtli is destroyed!
As you read the scroll of fear, it crumbles to dust.
You assume a fearsome visage.
The water nymph resists with almost no effort.
The merfolk easily resists.
The merfolk impaler looks frightened!
The dream sheep looks frightened!
The dream sheep bleats in terror.
The water nymph misses you.
The water nymph's watery aura covers the stone staircase leading down.
Splash!
You fall into the shallow water.
Moving in this stuff is going to be slow.
You feel better. The water nymph casts a spell at you.
The water swirls and strikes you!
* * * LOW HITPOINT WARNING * * *
You take 1 damage, and have 5/135 hp.
A merfolk comes into view. It is wielding a trident.
Splash!
You fall into the shallow water.
Moving in this stuff is going to be slow.
The merfolk shouts!
The merfolk throws a tomahawk.
The tomahawk hits you but does no damage.
Things that are here:
a tomahawk; a scroll of remove curse You feel better.
The merfolk throws a tomahawk.
The tomahawk misses you.
You hear a splash.
The water nymph closely misses you.
Splash!
You fall into the shallow water.
Moving in this stuff is going to be slow.
The merfolk throws a throwing net.
The throwing net closely misses you.
You regained 9 hp, and now have 15/135 hp.
You hit the water nymph. You burn the water nymph.
The water nymph casts a spell at you. The water swirls and strikes you!
You die...

......................
...........÷...........
......#.................
......##...m.............
.......##.................
............(.............
............†.............
........................
.........≈@≈............
<........(m≈........
........≈≈≈.........
....≈≈≈≈≈≈≈.........
...≈≈†≈m≈?..........
...≈≈))....<........
..≈≈≈≈≈.≈≈..........
.≈≈≈≈≈≈≈≈≈.........
≈≈≈≈≈≈............


You could see 2 merfolk and a water nymph.

Vanquished Creatures
  A frost giant (IceCv)
  Ilsuiw (Shoals:2)
  A merfolk impaler (Shoals:2)
  A merfolk javelineer (Shoals:2)
  Josephine (D:10)
  4 hydras
  A centaur warrior (D:15)
  A catoblepas (Lair:4)
  An alligator snapping turtle (Shoals:1)
  7 two-headed ogres
  A merfolk aquamancer (Shoals:3)
  A merfolk avatar (Shoals:3)
  A death yak (Shoals:2)
  A satyr (Shoals:2)
  Urug (Lair:1)
  Sonja (Lair:6)
  3 sea snakes
  An unseen horror (D:12)
  A wizard (D:14)
  5 deep elf magi
  Pikel (D:9)
  2 necromancers
  3 ugly things
  3 fauns (Shoals:2)
  3 cyclopes
  4 elephants (Lair:3)
  2 manticores (Shoals:1)
  3 black mambas
  An ice statue (IceCv)
  Joseph (D:6)
  4 merfolk sirens
  2 gargoyles (D:12)
  A rime drake (IceCv)
  A kobold demonologist (D:15)
  17 spiny frogs
  6 komodo dragons
  4 trolls
  A harpy zombie (D:14)
  6 merfolk
  3 tyrant leeches (Lair:6)
  11 polar bears
  24 blink frogs
  A hornet (D:11)
  A dream sheep (Shoals:3)
  Prince Ribbit (D:7)
  3 snapping turtles
  8 hippogriffs
  2 wind drakes
  5 water elementals
  A centaur simulacrum (D:15)
  2 vampires
  A shadow (D:12)
  2 wraiths (D:10)
  7 wyverns
  49 yaks
  2 hungry ghosts
  3 vampire mosquitoes
  2 basilisks
  An acid dragon (D:13)
  12 water moccasins
  4 porcupines
  4 sky beasts
  4 ice beasts
  2 eyes of draining
  10 orc warriors
  2 slaves (D:9)
  9 ogres
  6 black bears
  23 wolves
  2 elephant zombies (Lair:5)
  4 centaurs
  3 necrophages
  13 crocodiles
  3 big kobolds
  17 bullfrogs
  A battlemage (IceCv)
  5 scorpions
  7 wights
  9 killer bees
  An electric eel (D:11)
  3 crimson imps
  3 bullfrog zombies
  A basilisk zombie (Lair:5)
  A centaur zombie (D:9)
  10 hounds
  7 centaur skeletons
  4 jellies
  3 iguanas
  13 orc priests
  A bullfrog skeleton (D:11)
  13 orc wizards
  8 worker ants
  Terence (D:2)
  Natasha (D:2)
  A worker ant zombie (D:8)
  2 howler monkey skeletons
  24 adders
  4 shadow imps
  9 white imps (D:12)
  An ooze (D:6)
  4 adder skeletons
  2 adder zombies
  3 worms
  4 dart slugs
  7 leopard geckos
  62 orcs
  12 bats
  8 giant cockroaches
  12 goblins
  10 hobgoblins
  4 jackals (D:6)
  20 kobolds
  6 quokkas
  4 ball pythons
  7 frilled lizards
  A leopard gecko skeleton (D:6)
  A quokka skeleton (D:9)
  7 rats
654 creatures vanquished.

Vanquished Creatures (collateral kills)
  A kraken (Shoals:1)
  Polyphemus (Shoals:2)
  Louise (D:14)
  A minotaur (Lab)
  A merfolk impaler (Shoals:1)
  2 rakshasas (D:15)
  A merfolk aquamancer (Shoals:2)
  2 death yaks (Shoals:2)
  2 catoblepae
  A fire crab (Lair:4)
  An unseen horror (D:15)
  A sea snake (Shoals:2)
  4 fauns (Shoals:2)
  4 manticores
  An elephant (Lair:3)
  A water nymph (Shoals:1)
  Psyche (D:8)
  A gargoyle (D:15)
  6 spiny frogs
  A merfolk (Shoals:3)
  3 polar bears
  3 trolls
  2 tyrant leeches (Lair:6)
  2 dream sheep (Shoals:3)
  7 blink frogs
  4 hippogriffs
  2 wraiths
  A wyvern (D:14)
  2 shadows
  2 basilisks
  5 yaks
  2 hungry ghosts
  3 vampire mosquitoes (Lair:6)
  A water moccasin (Lair:2)
  An orc warrior (D:10)
  A porcupine (Lair:4)
  2 slaves (D:9)
  A black bear (D:12)
  2 wolves
  A big kobold (D:10)
  A crocodile (Lair:6)
  4 bullfrogs
  A scorpion (D:11)
  A killer bee (D:8)
  2 wights
  A howler monkey (D:9)
  2 electric eels (Lair:5)
  A jelly (D:6)
  A bullfrog zombie (D:12)
  An orc priest (D:13)
  A hound (D:11)
  An iguana (D:10)
  5 orc wizards
  2 worker ants
  An adder (Lair:3)
  3 white imps (D:12)
  An ooze (D:6)
  4 orcs
  A giant cockroach (D:6)
  A jackal (D:6)
  2 kobolds
  A quokka (D:6)
  A fungus (Lair:6)
  A plant (Shoals:2)
121 creatures vanquished.

Vanquished Creatures (others)
  The ghost of Ekem the Cleaver, a journeyman FoMo of Okawaru (Lair:4)
  A two-headed ogre (D:12)
  A death yak (Lair:5)
  The ghost of ws the Cleaver, a novice GrFi of Makhleb (D:9)
  2 spiny frogs (Lair:6)
  An elephant (Lair:3)
  A komodo dragon (Lair:4)
  A polar bear (IceCv)
  A blink frog (Lair:6)
  A yak (IceCv)
  A water moccasin (Lair:3)
  A porcupine (Lair:4)
  A black bear (D:11)
  An elephant zombie (Lair:5)
  An ice beast (D:11)
  A wolf (IceCv)
  A crocodile (D:11)
  A komodo dragon zombie (Lair:5)
  A bullfrog (D:9)
  A gnoll sergeant (D:9)
  An orc wizard (D:10)
  12 battlemagi
  A crocodile zombie (Lair:5)
  An ancestor (D:6)
  An adder (Lair:3)
  6 fungi
  47 plants
  4 tentacles (Shoals:1)
94 creatures vanquished.

Grand Total: 869 creatures vanquished

Notes
Turn   | Place    | Note
-------+----------+-------------------------------------------
     0 | D:1      | Firecrotchwizard the Minotaur Gladiator began the quest for
                  | the Orb.
     0 | D:1      | Reached XP level 1. HP: 18/18 MP: 0/0
    50 | D:1      | Reached skill level 4 in Maces & Flails
    50 | D:1      | Reached XP level 2. HP: 25/25 MP: 1/1
   937 | D:1      | Reached skill level 3 in Fighting
   937 | D:1      | Reached XP level 3. HP: 31/31 MP: 2/2
  1300 | D:2      | Noticed Terence
  1310 | D:2      | Reached XP level 4. HP: 16/38 MP: 3/3
  1316 | D:2      | Killed Terence
  1316 | D:2      | Reached skill level 5 in Maces & Flails
  1316 | D:2      | Reached skill level 4 in Dodging
  1820 | D:2      | Noticed Natasha
  1828 | D:2      | Killed Natasha
  1828 | D:2      | Reached XP level 5. HP: 30/46 MP: 4/4
  2000 | D:2      | Found a blossoming altar of Fedhas.
  2202 | D:3      | Found a radiant altar of Vehumet.
  2225 | D:3      | Reached skill level 4 in Fighting
  2228 | D:3      | Reached skill level 6 in Maces & Flails
  2274 | D:3      | Found a deep blue altar of Sif Muna.
  2571 | D:3      | Found a hide-covered altar of Uskayaw.
  2572 | D:3      | Noticed a hand axe
  2572 | D:3      | Noticed a hand axe
  3114 | D:4      | Found Faschiuk's Jewellery Shop.
  3120 | D:4      | Bought a +2 ring of evasion for 110 gold pieces
  3199 | D:4      | Found a shadowy altar of Dithmenos.
  3210 | D:5      | Entered Level 5 of the Dungeon
  3210 | D:5      | Found a shimmering altar of Xom.
  3210 | D:5      | Found a shimmering altar of Xom.
  3217 | D:5      | Reached XP level 6. HP: 48/52 MP: 5/5
  3223 | D:5      | Found a shimmering altar of Xom.
  3224 | D:5      | Found a shimmering altar of Xom.
  3224 | D:5      | Found a shimmering altar of Xom.
  3224 | D:5      | Found a shimmering altar of Xom.
  3261 | D:5      | Found a shimmering altar of Xom.
  3486 | D:5      | Noticed an ice beast
  3499 | D:5      | HP: 6/53 [orc priest/divine providence (13)]
  3504 | D:5      | Killed an ice beast
  3504 | D:5      | Reached skill level 7 in Maces & Flails
  3504 | D:5      | Reached skill level 5 in Dodging
  3819 | D:5      | Found a hazy altar of Hepliaklqana.
  3885 | D:5      | Reached XP level 7. HP: 60/60 MP: 6/6
  3896 | D:5      | Reached skill level 5 in Fighting
  4101 | D:5      | Found a stormy altar of Qazlal.
  4331 | D:5      | Reached skill level 8 in Maces & Flails
  4756 | D:5      | Became a worshipper of Hepliaklqana the Forgotten
  4960 | D:6      | Reached skill level 6 in Dodging
  4960 | D:6      | Reached XP level 8. HP: 60/63 MP: 7/7
  4981 | D:6      | Reached skill level 6 in Fighting
  5118 | D:6      | Found a staircase to the Ecumenical Temple.
  5130 | D:6      | Reached skill level 9 in Maces & Flails
  5130 | D:6      | Reached skill level 1 in Armour
  5137 | D:6      | Found a shadowy altar of Dithmenos.
  5171 | D:6      | Got a scintillating ruby amulet
  5172 | D:6      | Identified the amulet "Anwon" {+Rage rC- rN+ SInv} (You
                  | found it on level 6 of the Dungeon)
  5240 | D:6      | Reached skill level 2 in Armour
  5615 | D:6      | Reached skill level 3 in Armour
  5698 | D:6      | Reached skill level 10 in Maces & Flails
  5713 | D:6      | Reached skill level 7 in Fighting
  6065 | D:6      | Reached skill level 4 in Armour
  6065 | D:6      | Reached XP level 9. HP: 54/71 MP: 8/8
  6169 | D:6      | Noticed a two-headed ogre
  6176 | D:6      | Killed a two-headed ogre
  6176 | D:6      | Reached skill level 8 in Fighting
  6176 | D:6      | Reached skill level 11 in Maces & Flails
  6176 | D:6      | Reached skill level 5 in Armour
  6340 | D:6      | Got a warped morningstar
  6341 | D:6      | Identified the cursed +2 morningstar of Oragat {distort,
                  | rN++ MP+9 Str+3 Dex-3} (You found it on level 6 of the
                  | Dungeon)
  6446 | D:7      | Noticed Joseph
  6749 | D:7      | Found an opulent altar of Gozag.
  6762 | D:6      | Killed Joseph
  6871 | D:7      | Reached skill level 12 in Maces & Flails
  6871 | D:7      | Reached skill level 6 in Armour
  6957 | D:7      | Reached * piety under Hepliaklqana
  7184 | D:7      | Noticed Prince Ribbit
  7194 | D:7      | Killed Prince Ribbit
  7194 | D:7      | Reached skill level 1 in Shields
  7194 | D:7      | Reached XP level 10. HP: 71/81 MP: 9/9
  7325 | D:7      | Reached skill level 2 in Shields
  7438 | D:8      | Found a glowing silver altar of Zin.
  7727 | D:8      | Noticed Psyche
  7743 | D:8      | Paralysed by Psyche for 3 turns
  7746 | D:8      | Killed Psyche
  7746 | D:8      | Reached skill level 13 in Maces & Flails
  7746 | D:8      | Reached skill level 3 in Shields
  8023 | D:8      | Reached skill level 4 in Shields
  8130 | D:9      | Found a shattered altar of Ashenzari.
  8207 | D:9      | Reached ** piety under Hepliaklqana
  8208 | D:9      | Remembered your ancestor Tochtli as a battlemage
  8224 | D:9      | Noticed Pikel
  8273 | D:9      | Killed Pikel
  8327 | D:9      | Reached skill level 14 in Maces & Flails
  8487 | D:9      | Found a runed gate.
  8488 | D:9      | Found a runed gate.
  8488 | D:9      | Found an opulent altar of Gozag.
  8489 | D:9      | Found a runed gate.
  8490 | D:9      | Noticed ws's ghost (novice GrFi)
  8552 | D:9      | Reached skill level 9 in Fighting
  8743 | D:9      | Found a snail-covered altar of Cheibriados.
  8825 | D:10     | Entered Level 10 of the Dungeon
  8825 | D:10     | Found a staircase to the Orcish Mines.
  8831 | D:10     | Reached XP level 11. HP: 56/87 MP: 10/10
  8977 | D:10     | Found a roughly hewn altar of Beogh.
  8980 | D:10     | Noticed Maurice
  8987 | D:10     | Reached skill level 7 in Armour
  9027 | D:10     | Found Lumaat's General Store.
  9074 | D:10     | Noticed a two-headed ogre
  9083 | D:10     | Killed a two-headed ogre
  9181 | D:10     | Noticed Josephine
  9200 | D:10     | Killed Josephine
  9200 | D:10     | Reached skill level 15 in Maces & Flails
  9200 | D:10     | Reached skill level 7 in Dodging
  9244 | D:10     | Banished Maurice
  9334 | D:10     | Found the +8 frozen axe "Frostbite" {freezing cloud, *Noise
                  | +Fly rC+}
  9405 | D:10     | Reached skill level 10 in Fighting
  9405 | D:10     | Reached skill level 8 in Armour
  9559 | D:4      | Bought an uncursed amulet of regeneration for 330 gold
                  | pieces
  9802 | D:10     | Noticed a two-headed ogre
  9880 | D:10     | Killed a two-headed ogre
 10010 | D:11     | Noticed a white ugly thing
 10016 | D:11     | Killed a white ugly thing
 10016 | D:11     | Reached skill level 8 in Dodging
 10076 | D:11     | Reached skill level 16 in Maces & Flails
 10317 | D:11     | Reached XP level 12. HP: 82/97 MP: 11/11
 10333 | D:11     | Reached skill level 9 in Armour
 10398 | D:11     | Reached *** piety under Hepliaklqana
 10580 | D:11     | Found a staircase to the Lair.
 10688 | Lair:1   | Entered Level 1 of the Lair of Beasts
 10703 | Lair:1   | Reached skill level 11 in Fighting
 10786 | Lair:1   | Reached skill level 9 in Dodging
 11019 | Lair:1   | Noticed Urug
 11162 | Lair:1   | Killed Urug
 11162 | Lair:1   | Reached skill level 10 in Armour
 11281 | Lair:1   | Reached **** piety under Hepliaklqana
 11636 | Lair:2   | Found a staircase to the Shoals.
 11807 | Lair:2   | Reached skill level 12 in Fighting
 12060 | Lair:3   | Noticed a five-headed hydra
 12068 | Lair:3   | Killed a five-headed hydra
 12068 | Lair:3   | Reached skill level 10 in Dodging
 12280 | Lair:3   | Found a staircase to the Snake Pit.
 12535 | Lair:3   | Reached skill level 11 in Armour
 12687 | Lair:3   | Reached XP level 13. HP: 107/107 MP: 12/12
 13052 | Lair:3   | Found the +8 whip "Snakebite" {curare, rPois}
 13236 | Lair:4   | HP: 21/107 [something] (15)]
 13256 | Lair:4   | HP: 14/107 [fire crab] (21)]
 13257 | Lair:4   | HP: 1/107 [fire crab] (13)]
 13432 | Lair:4   | Reached skill level 13 in Fighting
 13432 | Lair:4   | Reached skill level 11 in Dodging
 13468 | Lair:4   | Reached ***** piety under Hepliaklqana
 13694 | Lair:4   | Found a large runed door.
 13694 | Lair:4   | Found a large runed door.
 13696 | Lair:4   | Noticed Ekem's ghost (journeyman FoMo)
 14059 | Lair:5   | Reached skill level 12 in Armour
 14705 | Lair:6   | Entered Level 6 of the Lair of Beasts
 14732 | Lair:6   | Reached skill level 1 in Invocations
 14897 | Lair:6   | Reached skill level 12 in Dodging
 14897 | Lair:6   | Reached skill level 2 in Invocations
 14920 | Lair:5   | Reached skill level 14 in Fighting
 15092 | Lair:6   | Found a staircase to the Slime Pits.
 15134 | Lair:6   | Noticed Sonja
 15141 | Lair:6   | Reached skill level 13 in Armour
 15161 | Lair:6   | Reached skill level 3 in Invocations
 15231 | Lair:6   | Reached XP level 14. HP: 101/118 MP: 15/15
 15253 | Lair:6   | Killed Sonja
 15375 | Lair:6   | Found a runed gate.
 15422 | Lair:6   | Found a runed gate.
 15424 | Lair:6   | Noticed barkas's ghost (journeyman DsWn)
 15425 | Lair:6   | Found a runed gate.
 16120 | D:9      | Banished ws's ghost
 16300 | Lair:4   | Banished Ekem's ghost
 16300 | Lair:4   | Reached skill level 4 in Invocations
 16539 | D:12     | Found a huge runed gate.
 16540 | D:12     | Found a huge runed gate.
 16543 | D:12     | Found a huge runed gate.
 16545 | D:12     | Found a huge runed gate.
 16549 | D:12     | Found a frozen archway.
 16584 | IceCv    | Entered an ice cave
 16830 | IceCv    | Reached skill level 13 in Dodging
 17041 | IceCv    | Reached skill level 5 in Invocations
 17100 | IceCv    | Noticed a frost giant
 17157 | IceCv    | Killed a frost giant
 17675 | D:12     | Reached skill level 15 in Fighting
 17794 | D:12     | Reached skill level 14 in Armour
 18521 | D:13     | Reached skill level 14 in Dodging
 18591 | D:13     | Found a labyrinth entrance.
 18624 | Lab      | Entered a labyrinth
 18776 | Lab      | Identified the +7 fustibalus "Minotaur's Peril" {freeze,
                  | Str+2} (You took it off a minotaur in a labyrinth)
 18793 | D:13     | Reached ****** piety under Hepliaklqana
 19485 | D:14     | Reached XP level 15. HP: 106/126 MP: 18/18
 19642 | D:14     | Noticed Louise
 19654 | D:14     | Killed Louise
 19981 | D:14     | Found a gate to the Vaults.
 20075 | D:14     | Identified the +4 ring mail "Zogom" {rElec Dex+5 Slay-4}
                  | (You found it on level 14 of the Dungeon)
 20125 | D:14     | Found a burning altar of Makhleb.
 20309 | D:14     | Reached skill level 17 in Maces & Flails
 20647 | D:15     | Entered Level 15 of the Dungeon
 21275 | D:15     | Noticed a fire giant
 21277 | D:15     | Found a staircase to the Depths.
 21627 | Shoals:1 | Entered Level 1 of the Shoals
 21844 | Shoals:1 | Noticed a kraken
 21853 | Shoals:1 | Killed a kraken
 22107 | Shoals:1 | Reached skill level 15 in Dodging
 22845 | Shoals:2 | Identified 2 scrolls of acquirement
 22849 | Shoals:2 | Identified the ring of Awnip {+Fly rElec MR- Int+3 SInv}
                  | (You acquired it on level 2 of the Shoals)
 22899 | Shoals:2 | Reached skill level 15 in Armour
 22997 | Shoals:2 | Noticed Polyphemus
 22997 | Shoals:2 | Noticed Ilsuiw
 23161 | Shoals:2 | HP: 32/128 [merfolk javelineer/spear of pain (3)]
 23161 | Shoals:2 | Reached skill level 16 in Fighting
 23185 | Shoals:2 | HP: 25/129 [something/shard of ice (16)]
 23199 | Shoals:2 | Killed Ilsuiw
 23199 | Shoals:2 | Reached skill level 18 in Maces & Flails
 23492 | Shoals:2 | Killed Polyphemus
 23806 | Shoals:3 | HP: 32/129 [poisoned by a merfolk aquamancer]
 23806 | Shoals:3 | HP: 13/129 [water nymph/the raging water (19)]
 23806 | Shoals:3 | Reached XP level 16. HP: 14/135 MP: 19/19
 23806 | Shoals:3 | HP: 6/135 [dream sheep[a cyclops] (8)]
 23811 | Shoals:3 | HP: 5/135 [water nymph/the raging water (9)]
 23815 | Shoals:3 | Killed from afar by a water nymph

Vault maps used:
D:1:      dpeg_arrival_rooms_with_view
D:2:      fedhas_altar_4, first_ration, minmay_cupped, uniq_terence,
          uniq_natasha
D:3:      old_standard_altar, nicolae_overflow_crystal_walls,
          dancing_weapons_uskayaw, st_stairs_12, minmay_misc_feat_rugged,
          corexii_item_surrounded_by_moat
D:4:      kennysheep_mini, serial_shops, shop, minmay_misc_feat_chi,
          minmay_statues_item
D:5:      lemuel_crystal_altar, nicolae_xom_altar_mimics, grunt_qazlal_clouds,
          hangedman_decor_riveting, supply_closet_lemuel
D:6:      kennysheep_windowed_halls, temple_fountains,
          grunt_dithmenos_smoke_and_mirrors
D:7:      grunt_gozag_statues, kennysheep_generic_room_13, uniq_joseph,
          uniq_prince_ribbit1
D:8:      overflow_temple_1_default, uniq_psyche
D:9:      lemuel_coloured_pillars_altar, ashenzari_conservatory_becter,
          ebering_ghost_gozag, uniq_pikel
D:10:     minmay_orc_entry_temple_small, serial_shops, shop, uniq_maurice,
          uniq_josephine
D:11:     david_lair_generic, hangedman_stone_soup, minmay_crystal_room,
          minmay_misc_feat_x, st_stairs_1, corexii_leaking_fountain,
          nicolae_water_bricks
D:12:     lemuel_bear_cage, portal_ice_cave_entry_imps, st_stairs_9
D:13:     lab_entry_generic, hangedman_glass_teeth
D:14:     david_vaults_1, makhleb_altar_promises_db, uniq_louise
D:15:     grunt_enter_depths_giant_problem, minmay_unpleasant_kobolds
Lair:1:   uniq_urug
Lair:2:   elwin_shoals_entry_rocks
Lair:3:   minmay_guarded_unrand_snakebite, minmay_snake_entry_six_corridors
Lair:4:   ebering_ghost_disaster_area
Lair:5:   pond_and_an_island_with_a_cottage, nicolae_lair_yak_garden,
          infiniplex_staircase_pool
Lair:6:   minmay_lair_end_frog_pond, minmay_slime_entry_oklob_enclosed,
          gammafunk_ghost_hydra_chop, uniq_sonja
Shoals:1: nicolae_shoals_kraken_intersection
Shoals:2: uniq_ilsuiw, uniq_polyphemus
Shoals:3: serial_shops, shop, shop, nicolae_alphabet_shops,
          nicolae_shoals_square_sea_wall
Lab:      labyrinth_spiral
IceCv:    ice_cave_caverns_01

Skill      XL: |  1  2  3  4  5  6  7  8  9 10 11 12 13 14 15 |
---------------+----------------------------------------------+-----
Maces & Flails | 4 5 6 7 8 10 12 14 16 18 | 18.3
Fighting       | 3 4 5 7 8 9 10 12 14 15 16 | 16.2
Dodging        | 4 5 6 8 10 12 14 15 | 15.9
Armour         | 4 6 8 11 13 14 15 | 15.3
Shields        | 1 4 |  4.0
Invocations    | 3 5 |  5.4
Throwing       | |  2.0

Action                   |  1- 3 |  4- 6 |  7- 9 | 10-12 | 13-15 | 16-18 || total
-------------------------+-------+-------+-------+-------+-------+-------++-------
Melee: Flail             |    77 |   171 |   153 |       |       |       ||   401
       Headbutt          |    11 |    26 |    37 |   109 |   253 |       ||   436
       Morningstar       |       |       |    52 |   585 |   590 |       ||  1227
       Great mace        |       |       |       |       |   463 |     1 ||   464
Invok: Ancestor Life: Ba |       |       |       |     1 |       |       ||     1
       Recall Ancestor   |       |       |       |     2 |     3 |       ||     5
       Idealise          |       |       |       |       |     1 |       ||     1
Evoke: Wand              |       |       |     1 |     7 |    16 |       ||    24
  Use: Scroll            |       |     3 |    11 |    11 |    23 |     1 ||    49
       Potion            |       |       |       |       |     9 |     3 ||    12
 Stab: Distracted        |       |       |     1 |     3 |    15 |       ||    19
  Eat: Chunk             |     1 |     9 |    10 |    18 |    30 |       ||    68
       Ration            |       |       |       |       |     3 |       ||     3
Armor: Leather armour    |     2 |       |       |       |       |       ||     2
       Chain mail        |    38 |    86 |    54 |   116 |   335 |     1 ||   630
Dodge: Dodged            |    53 |    92 |   125 |   283 |   712 |     7 ||  1272
Block: Buckler           |       |       |     1 |   107 |   124 |       ||   232

Table legend:
 A = Non-vault XP
 B = Vault XP
 C = Vault XP percentage of total XP
 D = Non-vault monster count
 E = Vault monster count
 F = Vault count percentage of total count
                 A         B        C        D         E       F
            +---------+---------+-------+---------+---------+-------
      Total |   88755 |   64797 |  42.2 |     555 |     238 |  30.0
            +---------+---------+-------+---------+---------+-------
        D:1 |      39 |       4 |   9.3 |      21 |       2 |   8.7
        D:2 |      72 |      88 |  55.0 |      26 |       6 |  18.8
        D:3 |     128 |       2 |   1.5 |      35 |       1 |   2.8
        D:4 |      20 |       0 |   0.0 |       4 |       0 |   0.0
        D:5 |     903 |       0 |   0.0 |      34 |       0 |   0.0
        D:6 |    1097 |    2038 |  65.0 |      29 |      15 |  34.1
        D:7 |    1106 |     343 |  23.7 |      29 |       2 |   6.5
        D:8 |    1178 |     434 |  26.9 |      24 |       1 |   4.0
        D:9 |    2924 |    1487 |  33.7 |      36 |       6 |  14.3
       D:10 |    5624 |    2397 |  29.9 |      38 |      14 |  26.9
       D:11 |    3326 |    1696 |  33.8 |      26 |      10 |  27.8
       D:12 |    7369 |    4471 |  37.8 |      28 |      30 |  51.7
       D:13 |    6401 |       0 |   0.0 |      36 |       0 |   0.0
       D:14 |    3457 |    4727 |  57.8 |      16 |       6 |  27.3
       D:15 |    7579 |     196 |   2.5 |      20 |       6 |  23.1
     Lair:1 |    3963 |     824 |  17.2 |      16 |       1 |   5.9
     Lair:2 |    3153 |       0 |   0.0 |      18 |       0 |   0.0
     Lair:3 |    6504 |    1524 |  19.0 |      18 |      15 |  45.5
     Lair:4 |    5622 |     880 |  13.5 |      20 |       1 |   4.8
     Lair:5 |    4538 |    4310 |  48.7 |      22 |      15 |  40.5
     Lair:6 |    3180 |   12671 |  79.9 |      14 |      43 |  75.4
   Shoals:1 |    4546 |    3560 |  43.9 |      10 |       2 |  16.7
   Shoals:2 |    9533 |   10548 |  52.5 |      20 |      10 |  33.3
   Shoals:3 |    6493 |       0 |   0.0 |      15 |       0 |   0.0
        Lab |       0 |    1162 | 100.0 |       0 |       1 | 100.0
      IceCv |       0 |   11435 | 100.0 |       0 |      51 | 100.0
            +---------+---------+-------+---------+---------+-------

Vault maps used:
D:1:      dpeg_arrival_rooms_with_view
D:2:      fedhas_altar_4, first_ration, minmay_cupped, uniq_terence,
          uniq_natasha
D:3:      old_standard_altar, nicolae_overflow_crystal_walls,
          dancing_weapons_uskayaw, st_stairs_12, minmay_misc_feat_rugged,
          corexii_item_surrounded_by_moat
D:4:      kennysheep_mini, serial_shops, shop, minmay_misc_feat_chi,
          minmay_statues_item
D:5:      lemuel_crystal_altar, nicolae_xom_altar_mimics, grunt_qazlal_clouds,
          hangedman_decor_riveting, supply_closet_lemuel
D:6:      kennysheep_windowed_halls, temple_fountains,
          grunt_dithmenos_smoke_and_mirrors
D:7:      grunt_gozag_statues, kennysheep_generic_room_13, uniq_joseph,
          uniq_prince_ribbit1
D:8:      overflow_temple_1_default, uniq_psyche
D:9:      lemuel_coloured_pillars_altar, ashenzari_conservatory_becter,
          ebering_ghost_gozag, uniq_pikel
D:10:     minmay_orc_entry_temple_small, serial_shops, shop, uniq_maurice,
          uniq_josephine
D:11:     david_lair_generic, hangedman_stone_soup, minmay_crystal_room,
          minmay_misc_feat_x, st_stairs_1, corexii_leaking_fountain,
          nicolae_water_bricks
D:12:     lemuel_bear_cage, portal_ice_cave_entry_imps, st_stairs_9
D:13:     lab_entry_generic, hangedman_glass_teeth
D:14:     david_vaults_1, makhleb_altar_promises_db, uniq_louise
D:15:     grunt_enter_depths_giant_problem, minmay_unpleasant_kobolds
Lair:1:   uniq_urug
Lair:2:   elwin_shoals_entry_rocks
Lair:3:   minmay_guarded_unrand_snakebite, minmay_snake_entry_six_corridors
Lair:4:   ebering_ghost_disaster_area
Lair:5:   pond_and_an_island_with_a_cottage, nicolae_lair_yak_garden,
          infiniplex_staircase_pool
Lair:6:   minmay_lair_end_frog_pond, minmay_slime_entry_oklob_enclosed,
          gammafunk_ghost_hydra_chop, uniq_sonja
Shoals:1: nicolae_shoals_kraken_intersection
Shoals:2: uniq_ilsuiw, uniq_polyphemus
Shoals:3: serial_shops, shop, shop, nicolae_alphabet_shops,
          nicolae_shoals_square_sea_wall
Lab:      labyrinth_spiral
IceCv:    ice_cave_caverns_01

Table legend:
 A = Turns spent in this place as a percentage of turns spent in the entire game.
 B = Non-inter-level travel turns spent in this place as a percentage of non-inter-level travel turns spent in the entire game.
 C = Inter-level travel turns spent in this place as a percentage of turns spent in this place.
 D = Turns resting spent in this place as a percentage of non-inter-level travel turns spent in this place.
 E = Turns spent auto-exploring this place as a percentage of non-inter-level travel turns spent in this place.
 F = Non-inter-level travel turns spent in this place divided by the number of levels of this place that you've seen.
                   A       B       C       D       E      F
               +-------+-------+-------+-------+-------+----------------------
         Total | 100.0 | 100.0 |   7.6 |  23.1 |  52.6 | 846.2
       Dungeon |  63.4 |  62.9 |   8.3 |  23.9 |  53.7 | 923.0
          Lair |  23.6 |  23.3 |   9.0 |  16.7 |  58.7 | 852.7
        Shoals |   9.2 |   9.7 |   2.6 |  34.7 |  41.9 | 710.7
     Labyrinth |   0.7 |   0.7 |   0.0 |   0.0 |   0.0 | 163.0
      Ice Cave |   3.1 |   3.4 |   0.0 |  23.7 |  34.1 | 744.0
               +-------+-------+-------+-------+-------+----------------------

Table legend:
 A = Kills in this place as a percentage of kills in entire the game.
 B = Kills by you in this place as a percentage of kills by you in the entire game.
 C = Kills by friends in this place as a percentage of kills by friends in the entire game.
 D = Other kills in this place as a percentage of other kills in the entire game.
 E = Experience gained in this place as a percentage of experience gained in the entire game.
 F = Experience gained in this place divided by the number of levels of this place that you have seen.
                   A       B       C       D       E      F
               +-------+-------+-------+-------+-------+----------------------
         Total | 100.0 | 100.0 | 100.0 | 100.0 | 100.0 | 5905.8
       Dungeon |  63.2 |  66.8 |  48.7 |  36.0 |  38.5 | 3940.4
          Lair |  23.1 |  20.7 |  29.9 |  52.0 |  30.7 | 7861.5
        Shoals |   7.2 |   5.8 |  16.2 |   0.0 |  22.6 | 11560.0
     Labyrinth |   0.1 |   0.0 |   0.9 |   0.0 |   0.8 | 1162.0
      Ice Cave |   6.4 |   6.6 |   4.3 |  12.0 |   7.4 | 11435.0
               +-------+-------+-------+-------+-------+----------------------
